 Dungeon Crawl Stone Soup version 0.30.0-29-ga12c61a403 (webtiles) character file.

Game seed: 15258918458832074593

67 TheGhostDragon952 the Chopper (level 4, -3/40 HPs)
             Began as a Minotaur Berserker on June 7, 2023.
             Was a Believer of Trog.
             Slain by a gnoll
             ... wielding a +0 flail
              (11 damage)
             ... on level 2 of the Dungeon.
             The game lasted 00:01:21 (1069 turns).

TheGhostDragon952 the Chopper (Minotaur Berserker)  Turns: 1069, Time: 00:01:22

Health: -3/40      AC:  2    Str: 24    XL:     4   Next: 0%
Magic:  3/3        EV: 12    Int:  4    God:    Trog [**....]
Gold:   111        SH:  0    Dex:  9    Spells: 3/3 levels left

rFire   . . .        a - +0 hand axe
rCold   . . .        (no shield)
rNeg    . . .        b - +0 animal skin
rPois   .            (helmet restricted)
rElec   .            (no cloak)
rCorr   .            (no gloves)
SInv    .            (no boots)
Will    .....        (no amulet)
Stlth   +            (no ring)
HPRegen 0.26/turn    (no ring)
MPRegen 0.08/turn

%: no passive effects
@: no status effects
A: horns 2, retaliatory headbutt
a: Renounce Religion, Berserk, Trog's Hand


You were on level 2 of the Dungeon.
You worshipped Trog.
Trog was pleased with you.
You visited 1 branch of the dungeon, and saw 2 of its levels.

You collected 111 gold pieces.

Inventory:

Hand Weapons
 a - a +0 hand axe (weapon)
Armour
 b - a +0 animal skin (worn)
Jewellery
 c - a +6 ring of intelligence
 e - a ring of poison resistance
Scrolls
 h - a scroll of enchant armour {unknown}
 i - 3 scrolls of enchant weapon {unknown}
 j - a scroll of identify {unknown}
 k - a scroll of fear {unknown}
Potions
 d - a potion of ambrosia {unknown}
 f - a potion of mutation {unknown}
 g - a potion of heal wounds {unknown}


   Skills:
 + Level 4.2 Fighting
 * Level 5.2 Axes
 + Level 2.6 Armour
 + Level 2.3 Dodging


You had 3 spell levels left.
You didn't know any spells.
Your spell library was empty.

Dungeon Overview and Level Annotations

Branches:
Dungeon (2/15)

Altars:

Shops:
D:1 (


Innate Abilities, Weirdness & Mutations

You have a pair of horns on your head.
You reflexively headbutt those who attack you in melee.


Message History

You hit the gnoll.
The gnoll is severely wounded.
You hit the gnoll. The gnoll barely misses you. You furiously retaliate!
You headbutt the gnoll.
You kill the gnoll!
Trog accepts your kill. The gnoll misses you.
You have reached level 4!
You feel stronger.
You closely miss the gnoll. You headbutt the gnoll.
The gnoll is moderately wounded.
The gnoll hits you with a +0 flail!
You hit the gnoll but do no damage.
The gnoll is moderately wounded.
You closely miss the gnoll. The gnoll barely misses you.
The gnoll closely misses you. You furiously retaliate!
You headbutt the gnoll.
There are monsters nearby!
There are monsters nearby!
You hit the gnoll. Your headbutt misses the gnoll.
The gnoll is severely wounded.
You barely miss the gnoll. The gnoll hits you with a +0 flail.
The gnoll hits you with a +0 club.
There are monsters nearby!
You are too injured to fight recklessly!
You are too injured to fight recklessly!
There are monsters nearby!
There are monsters nearby!
Unknown command.
You are too injured to fight recklessly!
You hit the gnoll. Your headbutt misses the gnoll.
The gnoll is heavily wounded.
You hit the gnoll but do no damage. The gnoll hits you with a +0 flail.
* * * LOW HITPOINT WARNING * * *
The gnoll hits you with a +0 club.
* * * LOW HITPOINT WARNING * * *
You slash the gnoll!
You kill the gnoll!
Trog accepts your kill.
You hit the gnoll. The gnoll hits you with a +0 flail!
You die...

#........#.#### #.## ...
###.####...# ##. ####
####.####...# ...
............# ##.##
........###.####..#
........###....#.##
..................######
.........##......g......
.........##.....@)#
..................#
........###...#####
######### #...# #...#
#...# #####


You could see a gnoll.

Vanquished Creatures
  2 gnolls (D:2)
  An adder (D:2)
  4 ball pythons (D:1)
  A bat (D:2)
  3 endoplasms (D:1)
  2 giant cockroaches (D:1)
  7 goblins
  7 hobgoblins
  3 jackals (D:2)
  5 kobolds
  2 quokkas (D:2)
  2 frilled lizards
  3 rats (D:1)
42 creatures vanquished.

Notes
Turn   | Place    | Note
-------+----------+-------------------------------------------
     0 | D:1      | TheGhostDragon952 the Minotaur Berserker began the quest
                  | for the Orb.
     0 | D:1      | Reached XP level 1. HP: 19/19 MP: 0/0
   114 | D:1      | Reached skill level 4 in Axes
   196 | D:1      | Reached XP level 2. HP: 27/27 MP: 1/1
   253 | D:1      | Found Yruong's Antique Weapon Emporium.
   443 | D:1      | Reached ** piety under Trog
   450 | D:1      | Reached XP level 3. HP: 23/33 MP: 2/2
   892 | D:2      | Reached skill level 5 in Axes
   935 | D:2      | Identified the +3 spear of the Gnat {antimagic, rElec rF-
                  | rCorr Int-2}
  1065 | D:2      | Reached XP level 4. HP: 35/40 MP: 3/3
  1069 | D:2      | Slain by a gnoll

Illustrated notes

Levels and vault maps discovered:
D:1:      dpeg_arrival_round_c, layout_basic, serial_shops, shop,
          minmay_heptomino_l4
D:2:      layout_rooms

Skill      XL: |  1  2  3 |
---------------+----------+-----
Axes           | 4 5 |  5.2
Fighting       | 4 |  4.2
Armour         | |  2.6
Dodging        | |  2.3

Action                     |  1- 3 |  4- 6 || total
---------------------------+-------+-------++-------
  Melee: Hand axe          |    70 |     5 ||    75
         Headbutt          |     9 |     1 ||    10
   Stab: Sleeping          |     1 |       ||     1
 Armour: Animal skin       |    10 |       ||    10
  Dodge: Dodged            |    45 |     2 ||    47
